 Dungeon Crawl Stone Soup version 0.31.0-12-g77e489cdc1 (webtiles) character file.

Game seed: 10561970145379353054

1884 Gadfly the Covered (level 8, -7/67 HPs)
             Began as an Armataur Fighter on Feb 29, 2024.
             Was a Follower of the Shining One.
             Mangled by an orc warrior
             ... wielding a +0 spear
              (13 damage)
             ... in a bailey.
             The game lasted 00:09:34 (4870 turns).

Gadfly the Covered (Armataur Fighter)               Turns: 4870, Time: 00:09:35

Health: -7/67      AC: 27    Str: 22    XL:     8   Next: 92%
Magic:  11/11      EV:  2    Int:  8    God:    the Shining One [*.....]
Gold:   412        SH:  6    Dex: 18    Spells: 1/7 levels left

rFire   . . .        q - +9 club
rCold   . . .        c - +0 buckler
rNeg    . . .        B - +0 plate armour
rPois   .            m - +2 helmet
rElec   +            (no cloak)
rCorr   .            (no gloves)
SInv    .            e - +5 barding of Heyrph {rElec}
Will    .....        (no amulet) Stlth
                     j - +4 ring of protection
HPRegen 1.61/turn    h - +6 ring of dexterity
MPRegen 0.78/turn

%: roll
@: glowing
A: large, deformed body, tough skin 3, armoured tail, roll 2
a: Renounce Religion, Divine Shield


You were in a bailey.
You worshipped the Shining One.
The Shining One was aware of your devotion.
You visited 1 branch of the dungeon, and saw 7 of its levels.
You also visited: Bailey.

You collected 412 gold pieces.

Inventory:

Hand Weapons
 a - a +1 mace of protection
 q - a +9 club (weapon)
 t - a +0 morningstar
Armour
 c - a +0 buckler (worn)
 e - the +5 barding of Heyrph (worn) {rElec}
   (You acquired it on level 1 of the Dungeon)

   rElec:     It insulates you from electricity.
 m - a +2 helmet (worn)
 B - a +0 plate armour (worn)
Jewellery
 h - a +6 ring of dexterity (right hand)
 j - a +4 ring of protection (left hand)
 v - a ring of ice
Wands
 p - a wand of flame (8) (quivered)
 r - a wand of quicksilver (8)
 s - a wand of roots (13)
Scrolls
 b - 2 scrolls of blinking
 g - a scroll of fear
 l - a scroll of vulnerability
 n - a scroll of poison
 o - a scroll of teleportation
 y - a scroll of enchant armour
Potions
 d - a potion of might
 f - a potion of enlightenment
 i - a potion of lignification
 k - a potion of berserk rage
 u - 2 potions of curing
 z - a potion of heal wounds


   Skills:
 + Level 4.5 Fighting
 * Level 5.2 Maces & Flails
 + Level 5.8 Armour
 + Level 5.3 Shields
 * Level 5.2 Invocations
 * Level 5.2 Evocations


You had one spell level left.
You knew the following spells:

 Your Spells              Type           Power      Damage    Failure   Level
a - Swiftness             Air            0%         N/A       100%        3
b - Passwall              Erth           0%         N/A       100%        3

Your spell library contained the following spells:

 Spells                   Type           Power      Damage    Failure   Level
 Sandblast                Erth           0%         2d4       100%        1
 Shock                    Conj/Air       0%         1d3       100%        1
 Stone Arrow              Conj/Erth      0%         3d7       100%        3
 Airstrike                Air            0%         2d(0-16)  100%        4
 Brom's Barrelling Bould  Conj/Erth      0%         2d3       100%        4


Dungeon Overview and Level Annotations

Branches:
Dungeon (7/15)             Bailey (1/1)
 Temple: D:4-7

Altars:
Vehumet
The Shining One

Annotations:
Bailey 2 runed translucent doors


Innate Abilities, Weirdness & Mutations

Armour fits poorly on your strangely shaped body.
You have extremely tough skin. (AC +3)
You have a long armoured tail.
You regenerate magic and health when rolling toward enemies. (Rampage Regen)


Message History

You are too injured to fight recklessly!
You are too injured to fight recklessly!
You are too injured to fight recklessly!
You are too injured to fight recklessly!
You are too injured to fight recklessly!
You hit the orc knight.
The orc knight is moderately wounded.
You block the orc knight's attack.
The orc warrior hits you from afar with a +0 spear!
The orc warrior hits you but does no damage.
You sock the orc knight!
The orc knight is moderately wounded.
The orc knight hits you but does no damage.
You block the orc warrior's attack.
The orc warrior hits you but does no damage.
Unknown command.
You thump the orc knight!
The orc knight is heavily wounded.
You block the orc knight's attack.
The orc warrior hits you but does no damage. x2
You hit the orc knight.
The orc knight is severely wounded.
The orc knight hits you but does no damage.
The orc warrior hits you but does no damage. x2
You barely miss the orc knight.
The orc knight is severely wounded.
The orc knight hits you with a +0 halberd!!
* * * LOW HITPOINT WARNING * * *
You block the orc warrior's attack. The orc warrior completely misses you.
You sock the orc knight!
The orc knight is severely wounded.
The orc knight hits you but does no damage.
The orc warrior hits you from afar with a +0 spear.
* * * LOW HITPOINT WARNING * * *
The orc warrior hits you from afar with a +0 spear.
The Shining One protects you from harm!
The orc knight hits you but does no damage.
The orc warrior hits you but does no damage.
The orc warrior hits you from afar with a +0 spear!
You die...

### ### ##.$ ....
.... 8... ...#
##++# #..#
#....##..#
......#oo#
#..#..# #.e#@o# #
))[[$!#))# #.
#!?$!##..#
#..########.)#
#...8....8...##
..............#
.####''####.$#
##........####..
................≈


You could see an orc knight, a deep elf zephyrmancer and 2 orc warriors.

Vanquished Creatures
  Sigmund (D:6)
  Edmund (D:5)
  Duvessa (D:5)
  An ice beast (D:6)
  A black bear (D:6)
  2 orc warriors (Bailey)
  An ogre (D:5)
  A scorpion (D:4)
  Dowan (D:5)
  A bombardier beetle (D:6)
  2 hounds (D:5)
  5 orc priests
  3 jellies (D:5)
  A gnoll bouda (D:7)
  5 iguanas
  A sleepcap (D:6)
  Jessica (D:2)
  5 orc wizards
  Robin (D:2)
  7 gnolls
  7 adders
  2 ufetubi (D:7)
  2 dart slugs (D:4)
  A ribbon worm (D:2)
  24 orcs
  5 bats
  3 endoplasms
  20 goblins
  5 hobgoblins
  4 jackals (D:1)
  3 kobolds
  4 quokkas
  4 ball pythons
  2 frilled lizards
  5 rats
133 creatures vanquished.

Notes
Turn   | Place    | Note
-------+----------+-------------------------------------------
     0 | D:1      | Gadfly the Armataur Fighter began the quest for the Orb.
     0 | D:1      | Reached XP level 1. HP: 18/18 MP: 1/1
   116 | D:1      | Reached XP level 2. HP: 25/25 MP: 2/2
   334 | D:1      | Reached skill level 1 in Evocations
   422 | D:1      | Reached skill level 1 in Invocations
   692 | D:1      | Identified a scroll of acquirement
   692 | D:1      | Acquired the +5 barding of Heyrph {rElec}
   784 | D:2      | Reached XP level 3. HP: 29/30 MP: 3/3
   792 | D:2      | Found a glowing golden altar of the Shining One.
   806 | D:2      | Became a worshipper of the Shining One
   989 | D:2      | Noticed Robin
   997 | D:2      | Killed Robin
  1004 | D:2      | Reached XP level 4. HP: 35/37 MP: 4/4
  1114 | D:2      | You fall into a shaft and drop 2 floors!
  1194 | D:3      | Found a faded altar of an unknown god.
  1286 | D:3      | Found a radiant altar of Vehumet.
  1435 | D:3      | Reached XP level 5. HP: 45/45 MP: 6/6
  1664 | D:2      | Noticed Jessica
  1666 | D:2      | Killed Jessica
  2547 | D:4      | Reached XP level 6. HP: 51/51 MP: 7/7
  2987 | D:5      | Entered Level 5 of the Dungeon
  2995 | D:5      | Noticed Edmund
  3006 | D:5      | Killed Edmund
  3007 | D:5      | Gained mutation: You regenerate magic and health when
                  | rolling toward enemies. (Rampage Regen) [Armataur growth]
  3007 | D:5      | Reached XP level 7. HP: 40/57 MP: 9/9
  3465 | D:5      | Noticed Duvessa
  3465 | D:5      | Noticed Dowan
  3476 | D:5      | Killed Duvessa
  3478 | D:5      | Killed Dowan
  3571 | D:5      | Reached * piety under the Shining One
  3580 | D:5      | Reached skill level 5 in Armour
  4162 | D:6      | Reached XP level 8. HP: 58/66 MP: 11/11
  4416 | D:6      | Noticed Sigmund
  4419 | D:6      | Killed Sigmund
  4420 | D:6      | Reached skill level 5 in Shields
  4579 | D:6      | Reached skill level 5 in Evocations
  4673 | D:6      | Learned a level 3 spell: Swiftness
  4677 | D:6      | Learned a level 3 spell: Passwall
  4729 | D:7      | Reached skill level 5 in Maces & Flails
  4737 | D:7      | Reached skill level 5 in Invocations
  4749 | D:7      | Found a flagged portal.
  4806 | Bailey   | Entered a bailey
  4841 | Bailey   | Found a large runed translucent door.
  4841 | Bailey   | Found a large runed translucent door.
  4842 | Bailey   | Noticed a deep elf zephyrmancer
  4849 | Bailey   | Noticed an orc knight
  4870 | Bailey   | The Shining One protects you from harm!
  4870 | Bailey   | Mangled by an orc warrior

Illustrated notes

Levels and vault maps discovered:
D:1:      minmay_arrival_hallway, layout_loops_cross, corner_web_ring
D:2:      layout_loops_cross, basic_altar, minmay_misc_feat_five, uniq_robin,
          uniq_jessica
D:3:      layout_loops_ring, nicolae_vehumet_radiance,
          shapermc_ecumenical_altar_gd, glass_columns_a,
          dreamdust_princess_corridor
D:4:      layout_loops_ring, minmay_fractal_squares_gapless_5
D:5:      layout_loops_ring, glass_columns_a, uniq_duvessa, uniq_edmund
D:6:      layout_rooms, uniq_sigmund
D:7:      layout_gridville, minmay_temple_entry_from_below_a, enter_bailey_6,
          uniq_prince_ribbit1, uniq_crazy_yiuf_cottage
Bailey:   bailey_polearm_elven_captive_hellmonk, bailey

Skill      XL: |  1  2  3  4  5  6  7  8 |
---------------+-------------------------+-----
Maces & Flails | 2 3 4 5 |  5.2
Evocations     | 1 2 3 4 5 |  5.2
Invocations    | 1 2 3 4 5 |  5.2
Armour         | 4 5 |  5.8
Fighting       | 3 4 |  4.5
Shields        | 4 5 |  5.3

Action                     |  1- 3 |  4- 6 |  7- 9 || total
---------------------------+-------+-------+-------++-------
  Melee: Mace              |    95 |    41 |       ||   136
         Tailslap          |    10 |    11 |    38 ||    59
         Club              |       |    61 |   158 ||   219
    Use: Scroll            |     3 |     8 |     9 ||    20
         Potion            |       |       |     2 ||     2
 Armour: Scale mail        |    90 |    72 |    56 ||   218
         Plate armour      |       |       |   133 ||   133
  Dodge: Dodged            |    37 |    23 |    25 ||    85
  Block: Buckler           |    28 |     9 |    48 ||    85
